 Dungeon Crawl Stone Soup version 0.21-a0-380-gd65dc97 (webtiles) character file.

27400 Monsterracer the Cleaver (level 13, -2/120 HPs)
             Began as a Deep Dwarf Fighter on Oct 17, 2017.
             Was a High Priest of Makhleb.
             Slain by a 12-headed hydra (6 damage)
             ... on level 2 of the Lair of Beasts.
             The game lasted 00:16:16 (9024 turns).

Monsterracer the Cleaver (Deep Dwarf Fighter)       Turns: 9024, Time: 00:16:16

Health: -2/120     AC: 23    Str: 24    XL:     13   Next: 4%
Magic:  11/11      EV:  9    Int: 10    God:    Makhleb [*****.]
Gold:   647        SH: 12    Dex: 12    Spells: 12/12 levels left

rFire    . . .     SeeInvis .   a - +3 broad axe (elec)
rCold    + . .     Gourm    .   c - +0 shield
rNeg     . . .     Faith    +   K - +2 plate armour {rPois}
rPois    +         Spirit   .   i - +1 helmet
rElec    .         Reflect  .   (no cloak)
rCorr    .         Harm     .   C - +0 pair of gloves
MR       ++...                  n - +1 pair of boots
Stlth    ..........             H - amulet of faith
HPRegen  0.00/turn              u - ring of Niut {rF+ MR+}
MPRegen  0.12/turn              G - ring of ice

@: non-regenerating
A: damage resistance, heal wounds, sense surroundings 2, no regeneration
a: Heal Wounds, Minor Destruction, Lesser Servant of Makhleb, Major Destruction,
Greater Servant of Makhleb, Renounce Religion


You were on level 2 of the Lair of Beasts.
You worshipped Makhleb.
Makhleb was extremely pleased with you.
You were hungry.

You visited 3 branches of the dungeon, and saw 15 of its levels.
You also visited: Labyrinth.

You collected 647 gold pieces.

Inventory:

Hand Weapons
 a - a +3 broad axe of electrocution (weapon)
 b - a +1 flail of draining
Armour
 c - a +0 shield (worn)
 i - a +1 helmet (worn)
 n - a +1 pair of boots (worn)
 r - a +0 plate armour of fire resistance
 C - a +0 pair of gloves (worn)
 K - a +2 plate armour of poison resistance (worn)
Jewellery
 u - the ring of Niut (left hand) {rF+ MR+}
   (You found it on level 6 of the Dungeon)

   [ring of protection from magic]

   It protects you from fire.
   It affects your resistance to hostile enchantments.
 x - an uncursed ring of fire
 G - a ring of ice (right hand)
 H - an amulet of faith (around neck)
Wands
 v - a wand of lightning (11/15)
 w - a wand of flame (17/48)
 y - a wand of iceblast (5/15)
 E - a wand of lightning (3/15)
 F - a wand of enslavement (10/24)
Scrolls
 e - 3 scrolls of remove curse
 m - a scroll of recharging
 o - 2 scrolls of teleportation
 s - a scroll of magic mapping
 B - a scroll of fear
 I - 3 scrolls of identify
 J - a scroll of blinking
Potions
 d - 5 potions of might
 g - 8 potions of curing
 h - 2 potions of brilliance
 k - 2 potions of cancellation
 p - a potion of mutation
 q - 2 potions of magic
 t - a potion of heal wounds
 z - 2 potions of berserk rage
 A - a potion of ambrosia
 D - 2 potions of haste
 L - a potion of agility
Comestibles
 f - 10 bread rations
 j - a meat ration
 l - a royal jelly
 M - 3 fruits


   Skills:
 + Level 8.9 Fighting
 * Level 13.6 Axes
 + Level 10.5 Armour
 + Level 7.1 Dodging
 + Level 10.3 Shields
 + Level 9.4 Invocations


You had 12 spell levels left.
You didn't know any spells.

Dungeon Overview and Level Annotations

Branches:
Dungeon (12/15)            Temple (1/1) D:7            Lair (2/6) D:11
 Spider (0/4) Lair:2
  Swamp: Lair:2-4    Shoals: Lair:2-4       Orc: D:9-12

Altars:
Cheibriados
Fedhas
Gozag
Kikubaaqudgha
Makhleb
Nemelex Xobeh
Okawaru
Qazlal
Ru
Sif Muna
Vehumet
Wu Jian
Xom
Yredelemnul
The Shining One

Shops:
D:5 :   D:12 *

Annotations:
D:10 2 exclusions


Innate Abilities, Weirdness & Mutations

You are resistant to damage.
You can heal yourself by infusing magical energy.
You passively map the area around you.
You do not regenerate.


Message History

You slash the plant!
The plant is moderately damaged.
You lop one of the 11-headed hydra's heads off!
The ten-headed hydra grows two more!
You slash the 12-headed hydra!
You block the 12-headed hydra's attack. x2
The 12-headed hydra barely misses you. The 12-headed hydra bites you.
* * * LOW HITPOINT WARNING * * *
The 12-headed hydra barely misses you.
The 12-headed hydra bites you but does no damage.
The 12-headed hydra barely misses you.
The 12-headed hydra bites you but does no damage. x2
The 12-headed hydra barely misses you. The 12-headed hydra bites you!
* * * LOW HITPOINT WARNING * * *
The 12-headed hydra barely misses you.
Huge Dmg: -9%(-11hp) hp: 16%(19hp) Unknown command.
The balrug gestures at you. Makhleb smites you!
* * * LOW HITPOINT WARNING * * *
Huge Dmg: -6%(-8hp) hp: 10%(11hp) Unknown command.
You block the crocodile's attack.
The blink frog blinks!
The crocodile bites you but does no damage.
There is a stone staircase leading up here.
The balrug gestures at you. Makhleb smites you!
* * * LOW HITPOINT WARNING * * *
You block the 12-headed hydra's attack. The 12-headed hydra bites you!
You die...

*** , , * ** , , ,
.........##P##P. , ,
..............#... , ,
.............#.....,, ,
,, ................... ,,
**, .P..................
, , ..(....<....).......,
,, * ,
P........(.........#., ,,
, .....#....@..F....#..#
,, *
,P.....†..#Dt...........
,*
#......#.#........PP....*
*
..#.#.#.#..............#*
# ##....PP..2.........*,
####..............
##..#........# *
##.†........# **,*
##†........# *


You could see a balrug, a 12-headed hydra, a blink frog and a crocodile.

Vanquished Creatures
  A minotaur (Lab)
  Fannar (D:11)
  2 hydras
  Erica (D:8)
  A death knight (D:12)
  6 two-headed ogres
  A queen ant (D:8)
  2 skeletal warriors (D:12)
  2 unseen horrors
  A phantasmal warrior (D:12)
  Pikel (D:7)
  An oklob plant (Lair:1)
  A manticore (D:11)
  2 cyclopes (D:11)
  6 spiny frogs
  2 komodo dragons (Lair:1)
  5 trolls
  3 blink frogs (Lair:2)
  3 hippogriffs
  A spriggan (D:7)
  A wyvern (D:10)
  The ghost of Monsterracer the Chopper, an amateur DDFi (D:4)
  A redback (Lair:2)
  11 yaks
  5 hungry ghosts
  15 soldier ants (D:8)
  3 water moccasins
  3 porcupines
  Duvessa (D:4)
  An ice beast (D:11)
  3 orc warriors
  A phantom (D:9)
  5 centaurs
  A necrophage (D:10)
  9 ogres
  2 crocodiles
  9 bullfrogs
  A wyvern zombie (D:10)
  Dowan (D:4)
  A scorpion (D:6)
  5 killer bees (D:10)
  A troll skeleton (Lab)
  7 howler monkeys
  4 crimson imps
  2 bullfrog zombies
  A centaur zombie (D:6)
  A quasit (D:11)
  7 hounds
  2 jellies
  6 orc priests
  A bullfrog skeleton (D:7)
  2 gnoll shamans
  6 orc wizards
  A centaur skeleton (D:6)
  33 worker ants
  3 hound zombies
  12 gnolls
  11 adders
  2 shadow imps
  A white imp (D:10)
  A howler monkey simulacrum (D:10)
  2 ufetubi (D:10)
  An adder skeleton (D:7)
  A worm (D:5)
  A dart slug (D:2)
  3 leopard geckos
  29 orcs
  13 giant cockroaches
  4 goblins
  6 hobgoblins
  26 jackals
  2 kobolds
  4 quokkas
  5 bats
  5 frilled lizards
  A giant cockroach zombie (D:6)
  A jackal skeleton (D:4)
  A leopard gecko skeleton (D:2)
  A quokka skeleton (D:5)
  A quokka zombie (D:9)
  4 rats
  3 plants (Lair:1)
341 creatures vanquished.

Vanquished Creatures (others)
  2 slaves (D:7)
  An orc priest (D:7)
  2 orcs (D:7)
  10 fungi (D:11)
  2 plants (D:11)
17 creatures vanquished.

Grand Total: 358 creatures vanquished

Notes
Turn   | Place    | Note
-------+----------+-------------------------------------------
     0 | D:1      | Monsterracer the Deep Dwarf Fighter began the quest for the Orb.
     0 | D:1      | Reached XP level 1. HP: 20/20 MP: 1/1
   262 | D:1      | Reached XP level 2. HP: 20/27 MP: 2/2
   308 | D:2      | Reached skill level 3 in Axes
   313 | D:2      | Reached XP level 3. HP: 23/33 MP: 3/3
   413 | D:2      | Reached XP level 4. HP: 21/42 MP: 4/4
   571 | D:3      | Found a sacrificial altar of Ru.
   766 | D:3      | Found an ancient bone altar of Kikubaaqudgha.
   766 | D:3      | Found a deep blue altar of Sif Muna.
   769 | D:3      | Found a radiant altar of Vehumet.
   801 | D:4      | Reached skill level 4 in Axes
   801 | D:4      | Reached XP level 5. HP: 39/49 MP: 5/5
  1003 | D:4      | Found a snail-covered altar of Cheibriados.
  1059 | D:4      | Reached XP level 6. HP: 34/56 MP: 6/6
  1074 | D:4      | Noticed Duvessa
  1077 | D:4      | Noticed Dowan
  1091 | D:4      | Killed Duvessa
  1091 | D:4      | Reached skill level 5 in Axes
  1110 | D:4      | Killed Dowan
  1460 | D:4      | Noticed Monsterracer's ghost (amateur DDFi)
  1473 | D:4      | Killed Monsterracer's ghost
  1473 | D:4      | Reached skill level 5 in Armour
  1473 | D:4      | Reached XP level 7. HP: 49/64 MP: 5/5
  1474 | D:4      | Reached skill level 5 in Shields
  1635 | D:5      | Entered Level 5 of the Dungeon
  1781 | D:5      | Reached skill level 6 in Axes
  2100 | D:5      | Found Juihetups's Book Shop.
  2247 | D:5      | Found a stormy altar of Qazlal.
  2326 | D:6      | Found a snail-covered altar of Cheibriados.
  2371 | D:6      | Reached XP level 8. HP: 41/73 MP: 6/6
  2551 | D:6      | Reached skill level 7 in Axes
  2590 | D:6      | Got a brightly glowing iron ring
  2591 | D:6      | Identified the ring of Niut {rF+ MR+} (You found it on level 6 of the Dungeon)
  3434 | D:7      | Reached skill level 5 in Fighting
  3502 | D:7      | Noticed Pikel
  3531 | D:7      | Killed Pikel
  3531 | D:7      | Reached skill level 8 in Axes
  3531 | D:7      | Gained mutation: You passively map the area around you. [Deep Dwarf growth]
  3531 | D:7      | Reached XP level 9. HP: 60/81 MP: 6/6
  3561 | D:7      | Found a basalt altar of Yredelemnul.
  3576 | D:7      | Found a staircase to the Ecumenical Temple.
  3633 | Temple   | Entered the Ecumenical Temple
  3693 | Temple   | Became a worshipper of Makhleb the Destroyer
  3907 | D:7      | Found a sparkling altar of Nemelex Xobeh.
  4321 | D:8      | Reached skill level 9 in Axes
  4332 | D:8      | Reached skill level 1 in Invocations
  4357 | D:8      | Reached * piety under Makhleb
  4429 | D:8      | Identified a scroll of acquirement
  4472 | D:8      | Noticed a queen ant
  4482 | D:8      | Reached skill level 10 in Axes
  4482 | D:8      | Reached skill level 1 in Dodging
  4492 | D:8      | Reached XP level 10. HP: 49/92 MP: 7/7
  4496 | D:8      | Killed a queen ant
  4516 | D:8      | Reached ** piety under Makhleb
  4569 | D:8      | Noticed Erica
  4577 | D:8      | Reached skill level 5 in Invocations
  4581 | D:8      | Killed Erica
  5210 | D:9      | Noticed a two-headed ogre
  5218 | D:9      | Killed a two-headed ogre
  5218 | D:9      | Reached skill level 11 in Axes
  5246 | D:9      | Found an iron altar of Okawaru.
  5267 | D:9      | Reached XP level 11. HP: 100/100 MP: 10/10
  5422 | D:9      | Found an ornate altar of the Wu Jian Council.
  5529 | D:9      | Noticed a two-headed ogre
  5536 | D:9      | Killed a two-headed ogre
  5794 | D:10     | Entered Level 10 of the Dungeon
  5833 | D:10     | Reached *** piety under Makhleb
  5941 | D:10     | HP: 1/99 [electric eel/bolt of electricity (12)]
  6359 | D:10     | Killed an unseen horror
  6566 | D:10     | Noticed a two-headed ogre
  6574 | D:10     | Killed a two-headed ogre
  6816 | D:11     | Reached **** piety under Makhleb
  6838 | D:11     | Found a staircase to the Lair.
  6921 | D:11     | Reached skill level 12 in Axes
  6932 | D:11     | Noticed a two-headed ogre
  6936 | D:11     | Killed a two-headed ogre
  6936 | D:11     | Reached skill level 5 in Dodging
  6974 | D:11     | Killed an unseen horror
  6990 | D:11     | Noticed a two-headed ogre
  6995 | D:11     | Killed a two-headed ogre
  7041 | D:11     | Noticed Fannar
  7060 | D:11     | Killed Fannar
  7157 | D:11     | Reached XP level 12. HP: 105/110 MP: 10/10
  7238 | D:11     | Found a blossoming altar of Fedhas.
  7239 | D:11     | Noticed a two-headed ogre
  7264 | D:11     | Killed a two-headed ogre
  7295 | D:11     | Noticed a six-headed hydra
  7323 | D:11     | Killed a six-headed hydra
  7567 | D:12     | Found Viweg's Assorted Antiques.
  7707 | D:12     | Found a labyrinth entrance.
  7719 | Lab      | Entered a labyrinth
  7901 | Lab      | Noticed a minotaur
  7914 | Lab      | Killed a minotaur
  7971 | D:12     | Noticed a death knight
  8032 | D:12     | HP: 3/112 [phantasmal warrior[a death knight] (15)]
  8035 | D:12     | Killed a death knight
  8036 | D:12     | Reached skill level 10 in Armour
  8039 | D:12     | HP: 1/112 [skeletal warrior/long sword[a death knight] (7)]
  8044 | D:12     | Reached skill level 13 in Axes
  8101 | Lair:1   | Entered Level 1 of the Lair of Beasts
  8201 | Lair:1   | Reached skill level 10 in Shields
  8278 | Lair:1   | Noticed an eight-headed hydra
  8290 | Lair:1   | Killed an eight-headed hydra
  8903 | Lair:2   | Reached ***** piety under Makhleb
  8937 | Lair:2   | Found a hole to the Spider Nest.
  8972 | Lair:2   | Noticed a seven-headed hydra
  8972 | Lair:2   | Reached XP level 13. HP: 117/120 MP: 11/11
  8990 | Lair:2   | Noticed a balrug
  9024 | Lair:2   | HP: 4/120 [balrug/divine providence[the player character] (7)]
  9024 | Lair:2   | Slain by a 12-headed hydra

Vault maps used:
D:1:      evilmike_arrival_crescent
D:2:      first_bread, uniq_crazy_yiuf_cottage
D:3:      minmay_roachtagon, grunt_temple_overflow_magic_moments,
          old_standard_altar
D:4:      cheibriados_altar_1, uniq_duvessa
D:5:      lemuel_round_altar, serial_shops, shop, minmay_misc_feat_alley,
          minmay_misc_feat_rows
D:6:      basic_altar
D:7:      yredelemnul_altar_generic, nemelex_xobeh_ov_fountains_minmay,
          minmay_temple_entry_large_hall, the_bakery, uniq_pikel
D:8:      zaba_anthell, uniq_erica
D:9:      lemuel_crystal_altar, lemuel_crystal_altar
D:10:     serial_ice, serial_ice_i, serial_ice_m, serial_ice_a, serial_ice_g
D:11:     lair_entry_dummy, fedhas_altar_3, uniq_fannar
D:12:     hiddenorc1_lemuel, lab_entry_generic, serial_shops, shop,
          nicolae_shop_overgrown_old_shop
Temple:   hc_temple_tempest_star
Lair:1:   columned_hall_lemuel, grunt_megastairs_5, minmay_lair_oklob_chamber
Lair:2:   spider_nest_entry_rubble, lemuel_fruit_fields
Lab:      labyrinth_mini_lab, nicolae_lab_swirl, labyrinth_lava_lair,
          nicolae_lab_grate, lab_block, nicolae_lab_do_over,
          nicolae_lab_dead_end, nicolae_lab_grate_2, lab_statue,
          labyrinth_fake_exit, lab_fountain, nicolae_lab_statue, lab_hedge

Skill      XL: |  1  2  3  4  5  6  7  8  9 10 11 12 |
---------------+-------------------------------------+-----
Axes           | 3 4 5 6 8 10 11 12 13 | 13.6
Fighting       | 3 4 5 6 7 8 |  8.9
Armour         | 4 5 6 7 8 9 10 | 10.5
Shields        | 4 5 6 7 8 9 10 | 10.3
Invocations    | 3 5 7 9 |  9.4
Dodging        | 1 3 5 7 |  7.1

Action                   |  1- 3 |  4- 6 |  7- 9 | 10-12 | 13-15 || total
-------------------------+-------+-------+-------+-------+-------++-------
Melee: War axe           |    92 |   149 |   322 |       |       ||   563
       Broad axe         |       |       |    36 |   498 |    12 ||   546
       Flail             |       |       |       |    22 |       ||    22
Invok: Lesser Servant of |       |       |       |     3 |       ||     3
       Greater Servant o |       |       |       |       |     1 ||     1
 Abil: Heal Wounds       |     1 |     5 |    14 |    17 |       ||    37
  Use: Scroll            |       |     9 |     7 |    10 |       ||    26
       Potion            |       |     2 |     2 |     1 |       ||     5
  Eat: Chunk             |       |     2 |    11 |    12 |       ||    25
       Fruit             |       |       |       |     3 |       ||     3
       Royal jelly       |       |       |       |     5 |       ||     5
Armor: Scale mail        |    53 |    72 |    34 |       |       ||   159
       Chain mail        |       |       |   147 |   120 |       ||   267
       Skin              |       |       |    37 |       |       ||    37
       Plate armour      |       |       |       |   170 |    41 ||   211
Dodge: Dodged            |    41 |    47 |   108 |   173 |    12 ||   381
Block: Shield            |    59 |    98 |   212 |   359 |    23 ||   751

Table legend:
 A = Spawn XP
 B = Non-spawn XP
 C = Spawn XP percentage of total XP
 D = Spawn monster count
 E = Non-spawn monster count
 F = Spawn count percentage of total count
 G = Total turns spent on level
                    A         B        C        D         E        F      G
               +---------+---------+-------+---------+---------+-------+---------
         Total |       0 |   39144 |   0.0 |       0 |     338 |   0.0 |  9024
               +---------+---------+-------+---------+---------+-------+---------
           D:1 |       0 |      15 |   0.0 |       0 |       8 |   0.0 |   272
           D:2 |       0 |     113 |   0.0 |       0 |      37 |   0.0 |   270
           D:3 |       0 |      46 |   0.0 |       0 |      19 |   0.0 |   245
           D:4 |       0 |     706 |   0.0 |       0 |      21 |   0.0 |   848
           D:5 |       0 |     274 |   0.0 |       0 |      17 |   0.0 |   666
           D:6 |       0 |     771 |   0.0 |       0 |      23 |   0.0 |  1033
           D:7 |       0 |    1517 |   0.0 |       0 |      20 |   0.0 |   848
           D:8 |       0 |    5875 |   0.0 |       0 |      56 |   0.0 |   918
           D:9 |       0 |    2960 |   0.0 |       0 |      22 |   0.0 |   605
          D:10 |       0 |    3628 |   0.0 |       0 |      31 |   0.0 |   962
          D:11 |       0 |    8857 |   0.0 |       0 |      35 |   0.0 |   840
          D:12 |       0 |    3474 |   0.0 |       0 |      11 |   0.0 |   295
        Lair:1 |       0 |    5888 |   0.0 |       0 |      19 |   0.0 |   779
        Lair:2 |       0 |    3142 |   0.0 |       0 |      13 |   0.0 |   144
           Lab |       0 |    1878 |   0.0 |       0 |       6 |   0.0 |   210
               +---------+---------+-------+---------+---------+-------+---------

Vault maps used:
D:1:      evilmike_arrival_crescent
D:2:      first_bread, uniq_crazy_yiuf_cottage
D:3:      minmay_roachtagon, grunt_temple_overflow_magic_moments,
          old_standard_altar
D:4:      cheibriados_altar_1, uniq_duvessa
D:5:      lemuel_round_altar, serial_shops, shop, minmay_misc_feat_alley,
          minmay_misc_feat_rows
D:6:      basic_altar
D:7:      yredelemnul_altar_generic, nemelex_xobeh_ov_fountains_minmay,
          minmay_temple_entry_large_hall, the_bakery, uniq_pikel
D:8:      zaba_anthell, uniq_erica
D:9:      lemuel_crystal_altar, lemuel_crystal_altar
D:10:     serial_ice, serial_ice_i, serial_ice_m, serial_ice_a, serial_ice_g
D:11:     lair_entry_dummy, fedhas_altar_3, uniq_fannar
D:12:     hiddenorc1_lemuel, lab_entry_generic, serial_shops, shop,
          nicolae_shop_overgrown_old_shop
Temple:   hc_temple_tempest_star
Lair:1:   columned_hall_lemuel, grunt_megastairs_5, minmay_lair_oklob_chamber
Lair:2:   spider_nest_entry_rubble, lemuel_fruit_fields
Lab:      labyrinth_mini_lab, nicolae_lab_swirl, labyrinth_lava_lair,
          nicolae_lab_grate, lab_block, nicolae_lab_do_over,
          nicolae_lab_dead_end, nicolae_lab_grate_2, lab_statue,
          labyrinth_fake_exit, lab_fountain, nicolae_lab_statue, lab_hedge
